 Dungeon Crawl Stone Soup version 0.22-a0-247-gbddf880 (webtiles) character file.

72 mortelune the Chiller (level 4, -1/30 HPs)
             Began as a Demonspawn Ice Elementalist on Feb 23, 2018.
             Succumbed to Robin's poison
             ... on level 2 of the Dungeon.
             The game lasted 00:04:41 (3281 turns).

mortelune the Chiller (Demonspawn Ice Elementalist) Turns: 3281, Time: 00:04:42

Health: -1/30      AC:  2    Str:  8    XL:     4   Next: 6%
Magic:  13/18      EV: 12    Int: 17    God:
Gold:   146        SH:  0    Dex: 14    Spells: 2/8 levels left

rFire    . . .     SeeInvis .   d - +0 short sword
rCold    . . .     Gourm    .   (no shield)
rNeg     . . .     Faith    .   a - +0 robe
rPois    +         Spirit   .   (helmet restricted)
rElec    .         Reflect  .   (no cloak)
rCorr    .         Harm     .   (no gloves)
MR       .....                  (no boots)
Stlth    ++........             (no amulet)
HPRegen  0.10/turn              j - ring of magical power
MPRegen  0.16/turn              (no ring)

@: lethally poisoned (-1 -> -29), very slightly contaminated
A: horns 1, high mp 1, poison resistance, rot immunity
a: no special abilities


You were on level 2 of the Dungeon.
You were hungry.

You visited 1 branch of the dungeon, and saw 3 of its levels.

You collected 146 gold pieces.

Inventory:

Hand Weapons
 d - a +0 short sword (weapon)
Armour
 a - a +0 robe (worn)
 c - a +0 buckler
Jewellery
 j - a ring of magical power (left hand)
Scrolls
 f - a scroll of enchant armour {unknown}
 k - 2 scrolls of remove curse {unknown}
 l - a scroll of teleportation {unknown}
 m - a scroll of fear {unknown}
Potions
 e - a potion of degeneration
 g - a potion of mutation
Comestibles
 b - 2 rations


   Skills:
 - Level 1.7 Dodging
 - Level 1.7 Stealth
 + Level 2.8 Spellcasting
 - Level 1.0 Conjurations
 * Level 4.0 Ice Magic


You had 2 spell levels left.
You knew the following spells:

 Your Spells              Type           Power        Failure   Level  Hunger
a - Freeze                Ice            ###.         3%          1    #......
b - Throw Frost           Conj/Ice       ##....       10%         2    ##.....
c - Ozocubu's Armour      Chrm/Ice       #.......     24%         3    ###....


Dungeon Overview and Level Annotations

Branches:
Dungeon (3/15)

Altars:
Ashenzari
Sif Muna
Uskayaw
The Shining One

Annotations:
D:2 Robin


Innate Abilities, Weirdness & Mutations

You are immune to rotting.
You have a pair of small horns on your head.
You have an increased reservoir of magic. (+10% MP)
Your system is resistant to poisons. (rPois)


Message History

You miscast Ozocubu's Armour.
You are very lightly contaminated with residual magic.
You feel sick. Robin hits you with a trident of venom!
You are lethally poisoned!
Casting: Ozocubu's Armour (safe; 24% risk of failure)
Confirm with . or Enter, or press ? or * to list all spells.
Aiming: Freeze (safe; 3% risk of failure)
Press: ? - help, Shift-Dir - straight line, f - Robin
Aim: Robin, wielding a trident of venom, wearing an animal skin and wearing a helmet You freeze Robin.
Robin is moderately wounded.
You feel sick. Robin hits you with a trident of venom!
* * * LOW HITPOINT WARNING * * *
You are more poisoned.
You feel extremely strange. A pair of horns grows on your head!
You feel resistant to poisons.
You feel more energetic.
* * * LOW HITPOINT WARNING * * *
You feel sick. Robin closely misses you.
You die...

#..........# #..###.......
##........####.........#.#
##..............#.....#..#
#..........##...........##
#..........###.###.#...###
#..........##..#...#......
#.........g##.##.##.......
#.........>##.##.#..>.....
##.......@###.#......÷....
##.............#####.....
###..........#######....
###..........###.###....
#........######._.######
#.#......#######.######
#.###..####...........#
###'###..#####....#....##
##≈≈.≈≈##..)####..###..##


You could see Robin.

Vanquished Creatures
  2 adders
  2 worms
  A dart slug (D:2)
  A leopard gecko (D:2)
  3 bats
  2 giant cockroaches
  7 goblins
  11 hobgoblins
  A ball python (D:2)
  4 frilled lizards
  4 kobolds
  5 rats
43 creatures vanquished.

Notes
Turn   | Place    | Note
-------+----------+-------------------------------------------
     0 | D:1      | mortelune the Demonspawn Ice Elementalist began the quest for the Orb.
     0 | D:1      | Reached XP level 1. HP: 13/13 MP: 3/3
   404 | D:1      | Reached skill level 3 in Ice Magic
   699 | D:1      | Gained mutation: You are immune to rotting. [demonic ancestry]
   699 | D:1      | Reached XP level 2. HP: 17/19 MP: 1/5
  1043 | D:1      | Learned a level 2 spell: Throw Frost
  1662 | D:2      | Found a hide-covered altar of Uskayaw.
  2157 | D:2      | Reached XP level 3. HP: 24/24 MP: 6/6
  2519 | D:2      | Found a glowing golden altar of the Shining One.
  2556 | D:2      | Found a deep blue altar of Sif Muna.
  2888 | D:3      | Noticed Robin
  2948 | D:2      | Learned a level 3 spell: Ozocubu's Armour
  3046 | D:3      | Reached skill level 4 in Ice Magic
  3049 | D:3      | Reached XP level 4. HP: 24/30 MP: 8/8
  3051 | D:3      | Found a shattered altar of Ashenzari.
  3280 | D:2      | Gained mutation: You have a pair of small horns on your head. [potion of mutation]
  3280 | D:2      | Gained mutation: Your system is resistant to poisons. (rPois) [potion of mutation]
  3280 | D:2      | Gained mutation: You have an increased reservoir of magic. (+10% MP) [potion of mutation]
  3280 | D:2      | HP: 1/30 [poisoned by Robin]
  3281 | D:2      | Succumbed to Robin's poison

Vault maps used:
D:1:      dpeg_arrival_pond
D:2:      led_sif_pool, overflow_temple_1_default,
          nicolae_tso_swordbearing_angel, minmay_shallow_snake_nest
D:3:      old_standard_altar, amethyst_overflow_temple_binary, led_xom_imps,
          uniq_robin

Skill      XL: |  1  2  3 |
---------------+----------+-----
Ice Magic      | 3 4 |  4.0
Dodging        | |  1.7
Stealth        | |  1.7
Spellcasting   | |  2.8
Conjurations   | |  1.0

Action                   |  1- 3 |  4- 6 || total
-------------------------+-------+-------++-------
Melee: Short sword       |     3 |       ||     3
 Cast: Freeze            |    53 |     4 ||    57
       Throw Frost       |    20 |     2 ||    22
  Use: Scroll            |     3 |       ||     3
       Potion            |       |     1 ||     1
  Eat: Chunk             |     8 |       ||     8
Armor: Robe              |    10 |       ||    10
Dodge: Dodged            |    23 |     2 ||    25

Table legend:
 A = Spawn XP
 B = Non-spawn XP
 C = Spawn XP percentage of total XP
 D = Spawn monster count
 E = Non-spawn monster count
 F = Spawn count percentage of total count
 G = Total turns spent on level
                    A         B        C        D         E        F      G
               +---------+---------+-------+---------+---------+-------+---------
         Total |       0 |     103 |   0.0 |       0 |      43 |   0.0 |  3281
               +---------+---------+-------+---------+---------+-------+---------
           D:1 |       0 |      23 |   0.0 |       0 |      15 |   0.0 |  1573
           D:2 |       0 |      45 |   0.0 |       0 |      17 |   0.0 |  1510
           D:3 |       0 |      35 |   0.0 |       0 |      11 |   0.0 |   198
               +---------+---------+-------+---------+---------+-------+---------
